 Dungeon Crawl Stone Soup version 0.23.1-38-g628c18f423 (webtiles) character file.

Game seed: 9481765501549432460

643461 Norn the Intangible (level 27, -9/224 HPs)
             Began as a Halfling Warper on Mar 26, 2019.
             Was the Champion of Okawaru.
             Killed from afar by an orb of fire (46 damage)
             ... with a fireball
             ... on level 5 of the Realm of Zot on Mar 29, 2019.
             The game lasted 05:15:56 (96403 turns).

Norn the Intangible (Halfling Warper)              Turns: 96403, Time: 05:15:57

Health: -9/224     AC: 36    Str: 20    XL:     27
Magic:  37/37      EV: 36    Int: 22    God:    Okawaru [******]
Gold:   3611       SH:  9    Dex: 25    Spells: 26/46 levels left

rFire    + . .     SeeInvis +   I - +10 demon blade "Oladwoov" {drain, Dex+7}
rCold    + . .     Gourm    .   g - +1 buckler of the Okapi {rF+ MR+ Regen+}
rNeg     + + .     Faith    +   K - +9 ice dragon scales
rPois    +         Spirit   .   W - +0 helmet of the Five Continents {rF+ rC- rN++ SInv}
rElec    +         Reflect  .   P - scarf {repulsion}
rCorr    .         Harm     .   p - +2 pair of gloves {Str+3}
MR       ++++.                  O - +2 pair of boots {run}
Stlth    ..........             y - amulet of Fuefav {Faith rElec rPois}
HPRegen  0.87/turn              N - ring of Jakkok {MR+ AC+3 Str+7 Int+4}
MPRegen  0.25/turn              a - +6 ring of slaying

@: marked, repel missiles, quick
A: small, dopey 1, mutation resistance 1, weak 1
}: 3/15 runes: serpentine, barnacled, silver
a: Heroism, Finesse, Renounce Religion


You were on level 5 of the Realm of Zot.
You worshipped Okawaru.
Okawaru was exalted by your worship.
You were completely stuffed.

You visited 10 branches of the dungeon, and saw 50 of its levels.
You visited the Abyss 2 times.
You visited 2 bazaars.
You also visited: Ossuary and Ice Cave.

You collected 7776 gold pieces.
You spent 4165 gold pieces at shops.

Inventory:

Hand Weapons
 c - a +9 demon blade of slicing
   (Okawaru gifted it to you on level 1 of the Vaults)
 I - the +10 demon blade "Oladwoov" (weapon) {drain, Dex+7}
   (Okawaru gifted it to you on level 6 of the Lair of Beasts)

   A truly terrible weapon, it drains the life of those it strikes.
   It affects your dexterity (+7).
Missiles
 H - 10 throwing nets (quivered) {!f}
Armour
 g - the +1 buckler of the Okapi (worn) {rF+ MR+ Regen+}
   (You took it off a hell knight on level 4 of the Depths)

   It protects you from fire.
   It affects your resistance to hostile enchantments.
   It increases your rate of regeneration.
 p - a +2 pair of gloves of strength (worn)
   (Okawaru gifted it to you on level 2 of the Lair of Beasts)
 K - +9 ice dragon scales (worn)
   (You found it on level 2 of the Vaults)
 O - a +2 pair of boots of running (worn)
   (Okawaru gifted it to you on level 1 of the Lair of Beasts)
 P - a scarf of repulsion (worn)
   (You found it on level 9 of the Dungeon)
 W - the +0 helmet of the Five Continents (worn) {rF+ rC- rN++ SInv}
   (You found it on level 6 of the Lair of Beasts)

   It protects you from fire.
   It makes you vulnerable to cold.
   It greatly protects you from negative energy.
   It lets you see invisible.
Jewellery
 a - a +6 ring of slaying (right hand)
   (You bought it in a shop in a bazaar)
 b - an uncursed ring of protection from fire
   (You took it off an ironheart preserver on level 2 of the Vaults)
 f - an uncursed ring of resist corrosion
   (You found it on level 10 of the Dungeon)
 l - an uncursed ring of protection from magic
   (You found it on level 3 of the Shoals)
 r - an uncursed ring of wizardry
   (You found it on level 2 of the Vaults)
 y - the amulet of Fuefav (around neck) {Faith rElec rPois}
   (You found it on level 4 of the Shoals)

   [amulet of faith]

   It allows you to gain divine favour quickly.
   It insulates you from electricity.
   It protects you from poison.
 G - the ring "Ziqopem" {rC+ Int+3 Stlth-}
   (You took it off a deep elf sorcerer on level 3 of the Elven Halls)

   [ring of attention]

   It affects your intelligence (+3).
   It protects you from cold.
   It makes you less stealthy.
 N - the ring of Jakkok (left hand) {MR+ AC+3 Str+7 Int+4}
   (You found it on level 1 of the Realm of Zot)

   [ring of protection]

   It affects your AC (+3).
   It affects your strength (+7).
   It affects your intelligence (+4).
   It affects your resistance to hostile enchantments.
Wands
 d - a wand of iceblast (66)
   (You found it on level 4 of the Lair of Beasts)
 m - a wand of scattershot (15)
   (You found it on level 10 of the Dungeon)
 u - a wand of paralysis (28)
   (You found it on level 4 of the Dungeon)
 v - a wand of digging (12)
   (You took it off a naga on level 1 of the Snake Pit)
 x - a wand of acid (24)
   (You found it on level 1 of the Lair of Beasts)
Scrolls
 h - 5 scrolls of blinking
 k - a scroll of silence {unknown}
 o - a scroll of enchant armour
 q - 21 scrolls of remove curse {@r2}
 s - 8 scrolls of magic mapping
 w - 15 scrolls of teleportation {@r4}
 C - 2 scrolls of brand weapon
 E - 4 scrolls of fear
 F - 3 scrolls of immolation {!r}
 V - 5 scrolls of identify {@r1}
 Y - 3 scrolls of fog
Potions
 j - 19 potions of curing {@q1}
 n - a potion of cancellation
 t - a potion of ambrosia
 z - 7 potions of flight
 A - 6 potions of invisibility
 D - 4 potions of berserk rage
 J - 11 potions of lignification {!q}
 L - 8 potions of haste {@q3}
 M - 3 potions of resistance
 Q - 11 potions of brilliance
 R - 2 potions of heal wounds {@q2}
 S - 4 potions of magic
 T - 10 potions of mutation {!q}
 U - 5 potions of agility
 Z - 7 potions of might
Miscellaneous
 i - 2 phantom mirrors
Comestibles
 e - 57 rations {!d}


   Skills:
 O Level 27 Fighting
   Level 5.0(11.7) Short Blades
 - Level 13.7(14.0) Long Blades
 - Level 1.0 Throwing
 + Level 15.4 Armour
 O Level 27 Dodging
 - Level 5.6 Shields
 - Level 10.0 Spellcasting
 - Level 9.0 Translocations
 - Level 6.0 Air Magic
 - Level 6.0 Poison Magic
 - Level 10.0 Invocations
 - Level 10.0 Evocations


You had 26 spell levels left.
You knew the following spells:

 Your Spells              Type           Power        Failure   Level  Hunger
a - Teleport Other        Tloc           ######..     1%          3    None
b - Blink                 Tloc           N/A          1%          2    None
c - Airstrike             Air            #####.....   12%         4    ##.....
f - Mephitic Cloud        Conj/Pois/Air  ####....     9%          3    None
s - Swiftness             Chrm/Air       ###.....     6%          2    None
v - Passage of Golubria   Tloc           N/A          3%          4    ##.....
x - Poisonous Vapours     Pois/Air       #####.       1%          2    None

Your spell library contained the following spells:

 Spells                   Type           Power        Failure   Level  Hunger
 Apportation              Tloc           ######       1%          1    None
 Gell's Gravitas          Tloc           ######....   1%          3    None
 Lesser Beckoning         Tloc           ######....   1%          3    None
 Shroud of Golubria       Chrm/Tloc      ####......   3%          2    None
 Shock                    Conj/Air       ###.         4%          1    None
 Sting                    Conj/Pois      ###.         4%          1    None
 Olgreb's Toxic Radiance  Pois           #####...     12%         4    ##.....
 Spider Form              Tmut/Pois      ###.......   13%         3    None
 Static Discharge         Conj/Air       ###.....     13%         3    None
 Animate Skeleton         Necr           N/A          14%         1    None
 Beastly Appendage        Tmut           ##....       14%         1    None
 Confusing Touch          Hex            ##....       14%         1    None
 Corona                   Hex            ##.....      14%         1    None
 Freeze                   Ice            ##..         14%         1    None
 Magic Dart               Conj           ##..         14%         1    None
 Sandblast                Erth           ##....       14%         1    None
 Summon Small Mammal      Summ           ##..         14%         1    None
 Ignite Poison            Fire/Tmut/Pois ###.....     19%         3    None
 Call Imp                 Summ           ##......     22%         2    None
 Ensorcelled Hibernation  Hex/Ice        ##....       22%         2    None
 Passwall                 Tmut/Erth      ##......     22%         2    None
 Slow                     Hex            ##......     22%         2    None
 Sticks to Snakes         Tmut           ##......     22%         2    None
 Sublimation of Blood     Necr           ##........   22%         2    None
 Throw Frost              Conj/Ice       ##....       22%         2    None
 Summon Lightning Spire   Summ/Air       ###.....     38%         4    ##.....
 Call Canine Familiar     Summ           ##......     41%         3    None
 Confuse                  Hex            ##......     41%         3    None
 Conjure Flame            Conj/Fire      ##......     41%         3    None
 Dazzling Spray           Conj/Hex       ##....       41%         3    None
 Stone Arrow              Conj/Erth      ##....       41%         3    None
 Summon Guardian Golem    Hex/Summ       ##......     41%         3    None
 Tukima's Dance           Hex            ##......     41%         3    None
 Alistair's Intoxication  Tmut/Pois      ###.....     75%         5    ####...
 Lightning Bolt           Conj/Air       ###.......   75%         5    ####...
 Silence                  Hex/Air        ###.......   75%         5    ####...
 Venom Bolt               Conj/Pois      ###.......   75%         5    ####...
 Cause Fear               Hex            ##........   82%         4    ##.....
 Ice Form                 Ice/Tmut       ##......     82%         4    ##.....
 Petrify                  Tmut/Erth      ##......     82%         4    ##.....
 Summon Ice Beast         Ice/Summ       ##......     82%         4    ##.....
 Throw Icicle             Conj/Ice       ##......     82%         4    ##.....
 Blade Hands              Tmut           ##........   99%         5    ####...
 Bolt of Draining         Conj/Necr      ##........   99%         5    ####...
 Bolt of Magma            Conj/Fire/Erth ##........   99%         5    ####...
 Fireball                 Conj/Fire      ##........   99%         5    ####...
 Irradiate                Conj/Tmut      ##........   99%         5    ####...
 Iskenderun's Battlesphe  Conj/Chrm      ##......     99%         5    ####...
 Lee's Rapid Deconstruct  Erth           ##........   99%         5    ####...
 Metabolic Englaciation   Hex/Ice        ##........   99%         5    ####...
 Summon Demon             Summ           ##........   99%         5    ####...
 Yara's Violent Unravell  Hex/Tmut       ##........   99%         5    ####...
 Bolt of Cold             Conj/Ice       ##........   100%        6    ######.
 Bolt of Fire             Conj/Fire      ##........   100%        6    ######.
 Conjure Ball Lightning   Conj/Air       ###.......   100%        6    ######.
 Deflect Missiles         Chrm/Air       ###.......   100%        6    ######.
 Freezing Cloud           Conj/Ice/Air   ###.......   100%        6    ######.
 Hydra Form               Tmut           ##........   100%        6    ######.
 Iron Shot                Conj/Erth      ##........   100%        6    ######.
 Poison Arrow             Conj/Pois      ###.......   100%        6    ######.
 Statue Form              Tmut/Erth      ##.......    100%        6    ######.
 Dragon Form              Tmut           ##........   100%        7    #######
 Orb of Destruction       Conj           ##........   100%        7    #######
 Ring of Flames           Chrm/Fire      ##........   100%        7    #######
 Spellforged Servitor     Conj/Summ      ##........   100%        7    #######
 Chain Lightning          Conj/Air       ###.......   100%        8    #######
 Discord                  Hex            ##........   100%        8    #######
 Ignition                 Fire           ##........   100%        8    #######
 Lehudib's Crystal Spear  Conj/Erth      ##........   100%        8    #######
 Fire Storm               Conj/Fire      ##........   100%        9    #######
 Glaciate                 Conj/Ice       ##........   100%        9    #######
 Shatter                  Erth           ##........   100%        9    #######
 Tornado                  Air            #####.....   100%        9    #######


Dungeon Overview and Level Annotations

Branches:
Dungeon (15/15)            Temple (1/1) D:5            Lair (6/6) D:10
 Shoals (4/4) Lair:2        Snake (4/4) Lair:2        Slime (0/5) Lair:6
    Orc (2/2) D:12            Elf (3/3) Orc:2        Vaults (5/5) D:13
  Crypt (0/3) Vaults:3     Depths (5/5) D:15            Zot (5/5) Depths:5

Altars:
Cheibriados
Dithmenos
Elyvilon
Gozag
Kikubaaqudgha
Makhleb
Nemelex Xobeh
Okawaru
Ru
Sif Muna
Trog
Vehumet
Wu Jian
Xom
The Shining One

Shops:
D:5 !   Orc:2 ==}?   Shoals:1 ?   Vaults:1 (*   Vaults:2 [   Vaults:4 ([}:=
Vaults:5 }

Portals:
Hell: Depths:1 Depths:2 Depths:3 Depths:4 Depths:5
Abyss: Depths:2 Depths:4
Pandemonium: Depths:3 Depths:5
Ziggurat: Depths:2

Annotations:
D:7 2 transporters, MisterOstroum's ghost, novice CeHu
D:15 2 transporters, NeAGen181's ghost, journeyman HOFi
Shoals:1 Louise
Snake:2 2 transporters, ciphuk's ghost, journeyman DDEE
Vaults:2 3 runed translucent doors, NeAGen181's ghost, adept HOFi
Zot:3 1 transporter
Zot:4 2 transporters, Decrayps's ghost, veteran FeEn


Innate Abilities, Weirdness & Mutations

You are small and have problems with some larger weapons.
You are somewhat resistant to further mutation.
You are dopey. (Int -2)
You are weak. (Str -2)


Message History

The orb of fire glows yellow.
Strange energies course through your body.
You feel odd for a moment. The Orb Guardian completely misses you.
You riposte.
You completely miss the Orb Guardian. The Orb Guardian completely misses you.
You riposte.
You slash the Orb Guardian!
Your Killer Klown barely misses the Orb Guardian.
The Orb Guardian closely misses you. The Orb Guardian barely misses you.
Unknown command.
Your Killer Klown prods the Orb Guardian with a +9 club of flaming!
Your Killer Klown burns the Orb Guardian.
The Orb Guardian hits you but does no damage.
The Orb Guardian completely misses you.
You riposte.
You slash the Orb Guardian! You drain the Orb Guardian.
Your Killer Klown misses the Orb Guardian.
The Orb Guardian hits you.
* * * LOW HITPOINT WARNING * * *
Your Killer Klown flogs the Orb Guardian with a +9 club of flaming.
Your Killer Klown burns the Orb Guardian.
The Orb Guardian barely misses your Killer Klown.
The Orb Guardian hits your Killer Klown.
The Orb Guardian barely misses you.
You riposte.
You slice the Orb Guardian!!
The Orb Guardian hits your Killer Klown!!!
Your Killer Klown pokes the Orb Guardian with a +9 club of flaming!
Your Killer Klown burns the Orb Guardian.
The Orb Guardian is no longer berserk.
The Orb Guardian hits your Killer Klown!!
The orb of fire glows bright magenta.
The bolt of fire hits you!!! You resist.
* * * LOW HITPOINT WARNING * * *
The Orb Guardian hits your Killer Klown!
The Orb Guardian completely misses you.
Your Killer Klown tickles the Orb Guardian with a +9 club of flaming!
Your Killer Klown burns the Orb Guardian.
The Orb Guardian hits your Killer Klown!
The Orb Guardian hits your Killer Klown.
The Orb Guardian hits your Killer Klown!!!
The Orb Guardian hits your Killer Klown!!
Your Killer Klown dies!
Your Killer Klown's corpse dissolves into shadows!
The Orb Guardian hits you!!
* * * LOW HITPOINT WARNING * * *
Really walk into that dispersal trap?
You enter a dispersal trap!
The orb of fire blinks!
The Orb Guardian blinks! x2
The orb of fire blinks! x2; The Orb Guardian blinks! x5; You blink.
The orb of fire glows red.
The bolt of fire is repelled.
The orb of fire glows yellow.
The fireball explodes!
The fireball engulfs you!!! You resist.
You die...

...............[...........⌠.....
......##.≈≈##<...##.#...#.#.≈≈#..
............[[......#...#.≈.≈≈≈..
......#≈.≈≈≈≈.#.....#...#.≈.≈≈≈..
......≈≈.≈≈≈≈.#.....#...#.#.≈≈#..
..............#.....##....#.≈##..
###.#≈≈≈.≈≈≈≈X#.........##......)
###.#≈≈≈..........#.#...##.......
..#.##≈≈§≈≈≈≈...@.#.#...##....†..
.......≈≈≈≈≈≈.....#.#...##...#...
............§.....#.#...##...#...
.......##≈≈##[....#.#........#...
≈≈≈.........*.§.#........##+##...
≈≈≈≈≈≈≈##..*..#§..#.#≈≈..#≈.##...
≈≈≈≈≈≈≈##....§*......⌠...≈≈.≈#...
≈≈≈≈≈≈≈##.........X.≈≈...≈≈.≈≈...
.....≈≈##.......§...X≈...≈≈.≈≈...


You could see 3 orbs of fire and 2 Orb Guardians.

Vanquished Creatures
  3 orbs of fire
  4 ancient liches
  A juggernaut (Depths:3)
  4 Killer Klowns
  Sojobo (Depths:3)
  Bai Suzhen (Vaults:4)
  Frederick (Vaults:1)
  Margery (Depths:3)
  3 curse toes
  6 caustic shrikes
  13 golden dragons
  the Enchantress (Depths:3)
  The ghost of P0WERM0DE the Champion of Chaos, an adept DDFi of Makhleb (Zot:1)
  An electric golem (Zot:2)
  The ghost of Acheron the Blocker, an adept HuFi of Okawaru (Vaults:1)
  2 liches
  Jorgrun (Snake:1)
  Rupert (D:13)
  11 tentacled monstrosities
  5 Orb Guardians (Zot:5)
  Asterion (Depths:3)
  A deep elf master archer (Elf:3)
  3 deep elf blademasters
  5 death cobs
  A kraken (Shoals:2)
  2 quicksilver dragons
  Frances (D:12)
  8 sphinxes
  Kirke (Shoals:4)
  Gastronok (Lair:2)
  13 tengu reavers
  16 storm dragons
  3 draconian monks
  15 shadow dragons
  Donald (Vaults:4)
  4 deep elf sorcerers
  12 fire giants
  8 nagarajas
  2 orc warlords (Depths:2)
  9 draconian knights
  6 draconian scorchers
  10 frost giants
  3 iron dragons
  16 vault wardens
  3 deep elf elementalists (Elf:3)
  A curse skull (Vaults:3)
  3 ghost moths
  A ghost moth (shapeshifter) (Vaults:5)
  4 draconian stormcallers
  A ghoul (Vaults:4)
  19 ironheart preservers
  8 draconian shifters
  7 draconian annihilators
  A war gargoyle (Vaults:5)
  7 very ugly things
  2 entropy weavers
  3 spriggan defenders
  21 stone giants
  11 green draconians
  Nessos (Lair:6)
  14 black draconians
  Azrael (D:13)
  8 purple draconians
  2 deep elf demonologists (Elf:3)
  11 deep elf annihilators
  12 yellow draconians
  4 spark wasps
  13 white draconians
  10 red draconians
  6 merfolk impalers
  4 merfolk javelineers
  13 deep elf death magi
  2 jiangshi (Depths:1)
  2 eidola (Vaults:2)
  10 deep elf high priests
  12 fire dragons
  8 great orbs of eyes
  Josephine (D:11)
  29 yaktaur captains
  9 ettins
  2 spectral shadow dragons (Zot:1)
  3 hydras
  17 ice dragons
  3 spriggan air magi
  49 vault guards
  15 naga warriors
  2 death knights
  2 merfolk avatars
  3 rakshasas
  10 centaur warriors
  6 merfolk aquamancers
  37 two-headed ogres
  16 deep troll shamans
  13 anacondas
  2 catoblepae (Lair:6)
  3 satyrs
  24 dancing weapons
  19 ogre magi
  11 deep troll earth magi
  A spectral storm dragon (Zot:1)
  6 spriggan berserkers
  15 tengu warriors
  4 vampire magi
  10 death yaks
  An orc high priest (Elf:2)
  Urug (D:12)
  17 naga sharpshooters
  13 shock serpents
  26 deep elf knights
  7 iron trolls
  5 skeletal warriors
  Sonja (Orc:1)
  A fire crab (shapeshifter) (Vaults:1)
  11 hell knights
  8 salamander mystics
  2 shadow wraiths
  3 small abominations
  3 flayed ghosts
  13 sea snakes
  6 glowing orange brains
  10 naga ritualists
  6 unseen horrors
  4 wizards
  A glowing orange brain (shapeshifter) (Vaults:5)
  33 deep trolls
  Pikel (D:6)
  An obsidian statue (Vaults:1)
  19 ironbrand convokers
  A tengu zombie (Vaults:3)
  2 phantasmal warriors
  4 lindwurms (Snake:4)
  A sphinx zombie (Vaults:3)
  5 necromancers
  24 orc knights
  14 deep elf archers
  26 harpies
  9 wolf spiders
  A harpy (shapeshifter) (Depths:3)
  17 fauns
  A faun (shapeshifter) (Vaults:5)
  14 mana vipers
  6 manticores
  37 ugly things
  58 deep elf magi
  7 orc sorcerers
  2 cyclopes (Shoals:4)
  23 moths of wrath
  9 salamanders
  A manticore (shapeshifter) (Vaults:3)
  11 vault sentinels
  A black mamba (shapeshifter) (Vaults:5)
  2 frost giant skeletons (Vaults:3)
  10 elephants (Lair:6)
  13 guardian serpents
  7 merfolk sirens
  7 water nymphs
  3 ice statues (IceCv)
  A torpor snail (Lair:3)
  3 gargoyles
  Maurice (D:12)
  46 black mambas
  2 centaur skeletons (D:15)
  20 naga magi
  2 storm dragon simulacra (Zot:1)
  A kobold demonologist (Depths:4)
  13 spiny frogs
  2 rime drakes (Lair:6)
  3 komodo dragons
  45 yaktaurs
  2 ice devils (D:11)
  3 yaktaurs (shapeshifter)
  A komodo dragon (shapeshifter) (Depths:4)
  9 freezing wraiths
  A golden dragon simulacrum (Zot:1)
  10 trolls
  29 merfolk
  A queen bee (shapeshifter) (Depths:3)
  A meliai (shapeshifter) (Vaults:2)
  A shadow dragon simulacrum (Zot:1)
  2 polar bears
  3 hornets
  8 wind drakes
  A wind drake (shapeshifter) (Vaults:5)
  A blink frog (shapeshifter) (Vaults:1)
  Prince Ribbit (D:6)
  13 slime creatures
  A stone giant simulacrum (Vaults:1)
  3 dream sheep (Shoals:4)
  14 hippogriffs
  17 blink frogs
  A draconian simulacrum (Zot:1)
  12 snapping turtles
  3 air elementals
  14 yaks
  4 spriggans
  A shadow (Vaults:3)
  6 redbacks
  37 water elementals
  A tarantella (Vaults:4)
  8 wraiths
  3 hogs (Shoals:4)
  4 wyverns
  2 hungry ghosts
  A human (shapeshifter) (Vaults:2)
  3 basilisks
  2 fire elementals (Elf:2)
  9 vampire mosquitoes
  Menkaure (D:5)
  A red draconian simulacrum (Zot:1)
  7 wargs
  A human simulacrum (Vaults:2)
  A soldier ant (shapeshifter) (Depths:2)
  3 acid dragons
  44 nagas
  16 water moccasins
  2 soldier ants
  2 porcupines (Lair:4)
  4 hell hounds (D:13)
  3 floating eyes
  A floating eye (shapeshifter) (Vaults:1)
  44 orc warriors
  7 ice beasts
  2 sky beasts
  5 moth of wrath simulacra (Zot:1)
  A black bear (Lair:6)
  7 phantoms
  An eye of draining (D:9)
  59 ogres
  A black bear (shapeshifter) (D:15)
  3 necrophages
  17 wolves
  14 boggarts
  44 centaurs
  8 crocodiles
  3 big kobolds
  A gnoll sergeant (D:4)
  17 bullfrogs
  4 earth elementals
  2 wyvern skeletons
  2 water moccasin zombies
  4 scorpions
  3 killer bees (D:9)
  10 wights
  6 howler monkeys
  12 crimson imps
  4 centaur zombies
  3 bullfrog zombies
  A quasit (D:11)
  3 human zombies (Ossuary)
  9 hounds
  A bullfrog skeleton (D:12)
  22 orc priests
  4 jellies
  22 orc wizards
  Ijyb (D:3)
  An iron imp (Depths:1)
  3 iguanas
  8 worker ants
  A killer bee zombie (D:7)
  2 big kobold zombies (Ossuary)
  2 hound skeletons
  4 mummies (Ossuary)
  A worker ant zombie (D:11)
  A gnoll (shapeshifter) (Vaults:5)
  7 gnolls
  An adder (shapeshifter) (Depths:1)
  9 adders
  A river rat (shapeshifter) (Vaults:1)
  2 river rats
  4 shadow imps
  6 oozes
  An adder zombie (D:9)
  3 worms
  4 dart slugs
  9 leopard geckos
  101 orcs
  4 ball pythons
  4 giant cockroaches
  4 goblins
  5 hobgoblins
  9 jackals
  14 kobolds
  3 quokkas
  A ball python skeleton (D:4)
  2 bats
  5 frilled lizards
  A goblin zombie (Ossuary)
  A leopard gecko skeleton (D:5)
  An orc zombie (Ossuary)
  10 rats
  A fungus (Lair:1)
  4 tentacles (Shoals:2)
2295 creatures vanquished.

Vanquished Creatures (others)
  A lich (Depths:3)
  A draconian knight (Zot:2)
  A fire giant (Depths:3)
  An ettin (Depths:5)
  A deep elf high priest (Elf:3)
  A centaur warrior (Depths:3)
  An anaconda (Snake:2)
  A deep elf knight (Depths:2)
  2 deep elf magi (Elf:2)
  A moth of wrath (Zot:2)
  A faun (Shoals:3)
  An elephant (Lair:6)
  An air elemental (Elf:3)
  An orc warrior (Vaults:4)
  An orc wizard (D:13)
  2 orcs
  9 fungi
  66 plants
  14 tentacles (Shoals:2)
107 creatures vanquished.

Grand Total: 2402 creatures vanquished

Notes
Turn   | Place    | Note
-------+----------+-------------------------------------------
     0 | D:1      | Norn the Halfling Warper began the quest for the Orb.
     0 | D:1      | Reached XP level 1. HP: 14/14 MP: 3/3
   310 | D:1      | Reached XP level 2. HP: 19/19 MP: 4/4
   686 | D:1      | Reached XP level 3. HP: 24/24 MP: 5/5
  1968 | D:3      | Noticed Ijyb
  2006 | D:3      | Killed Ijyb
  2006 | D:3      | Reached skill level 1 in Shields
  2006 | D:3      | Reached XP level 4. HP: 10/29 MP: 6/6
  2417 | D:3      | Found a burning altar of Makhleb.
  2702 | D:3      | Reached XP level 5. HP: 34/34 MP: 7/7
  3370 | D:3      | Reached skill level 5 in Short Blades
  4047 | D:3      | Found an iron altar of Okawaru.
  4049 | D:3      | Found a white marble altar of Elyvilon.
  4203 | D:4      | Noticed an ogre
  4209 | D:4      | Killed an ogre
  4209 | D:4      | Reached skill level 1 in Long Blades
  4209 | D:4      | Reached XP level 6. HP: 39/39 MP: 8/8
  4353 | D:4      | Got a brightly glowing hand axe
  4646 | D:4      | Noticed an ogre
  4659 | D:4      | Killed an ogre
  4659 | D:4      | Reached XP level 7. HP: 17/44 MP: 9/9
  5128 | D:4      | Found a radiant altar of Vehumet.
  5461 | D:4      | Found a glowing golden altar of the Shining One.
  5665 | D:3      | Became a worshipper of Warmaster Okawaru
  5691 | D:5      | Entered Level 5 of the Dungeon
  5691 | D:5      | Found Ruipy's Distillery.
  5693 | D:5      | Reached skill level 5 in Dodging
  5720 | D:5      | Identified the +11 hand axe "Ismut" {antimagic, rN++ SInv}
                  | (You found it on level 4 of the Dungeon)
  5744 | D:5      | Found a snail-covered altar of Cheibriados.
  5915 | D:5      | Noticed a water moccasin
  5920 | D:5      | Reached XP level 8. HP: 48/49 MP: 10/10
  6322 | D:4      | Reached skill level 5 in Long Blades
  6703 | D:4      | Reached * piety under Okawaru
  7123 | D:5      | Noticed Menkaure
  7149 | D:5      | Killed Menkaure
  7149 | D:5      | Reached skill level 5 in Shields
  7174 | D:5      | Found a staircase to the Ecumenical Temple.
  7183 | Temple   | Entered the Ecumenical Temple
  7304 | D:4      | Reached XP level 9. HP: 20/54 MP: 11/11
  8720 | D:6      | Reached ** piety under Okawaru
  8859 | D:6      | Reached XP level 10. HP: 60/60 MP: 12/12
  8912 | D:6      | Noticed Pikel
  8921 | D:6      | Killed Pikel
  9062 | D:6      | Noticed Prince Ribbit
  9105 | D:6      | Killed Prince Ribbit
  9224 | D:6      | Found a glowing golden altar of the Shining One.
  9441 | D:7      | Found a sand-covered staircase.
  9458 | Ossuary  | Entered an ossuary
  9673 | Ossuary  | Reached *** piety under Okawaru
 10002 | D:7      | Noticed MisterOstroum's ghost (novice CeHu)
 10040 | D:7      | Learned a level 2 spell: Blink
 10044 | D:7      | Learned a level 3 spell: Teleport Other
 10049 | D:7      | Learned a level 4 spell: Passage of Golubria
 10052 | D:7      | Learned a level 2 spell: Poisonous Vapours
 10422 | D:7      | Found a transporter.
 10426 | D:7      | Found a transporter.
 11157 | D:8      | Reached XP level 11. HP: 66/67 MP: 13/13
 11180 | D:8      | Got a smoking long sword
 11181 | D:8      | Identified the +7 long sword of Tateriv {venom, Str+2
                  | Int+3} (You found it on level 8 of the Dungeon)
 11787 | D:9      | Reached skill level 1 in Air Magic
 11790 | D:9      | Reached **** piety under Okawaru
 11795 | D:9      | Reached skill level 1 in Poison Magic
 13377 | D:9      | Received a gift from Okawaru
 13876 | D:10     | Entered Level 10 of the Dungeon
 13897 | D:10     | Noticed a death yak
 13899 | D:10     | Found a staircase to the Lair.
 13899 | D:10     | Noticed a death yak
 13900 | D:10     | Noticed a death yak
 14430 | D:9      | Killed a death yak
 14681 | D:10     | Reached ***** piety under Okawaru
 14747 | D:10     | Killed an unseen horror
 15187 | D:10     | Killed a death yak
 15187 | D:10     | Reached skill level 5 in Translocations
 15243 | D:10     | Killed a death yak
 15243 | D:10     | Received a gift from Okawaru
 15620 | Lair:1   | Entered Level 1 of the Lair of Beasts
 15764 | Lair:1   | Noticed a four-headed hydra
 15800 | Lair:1   | Killed a four-headed hydra
 15800 | Lair:1   | Reached XP level 12. HP: 48/76 MP: 14/14
 16073 | Lair:1   | Reached skill level 5 in Fighting
 16111 | Lair:1   | Noticed a four-headed hydra
 16268 | Lair:1   | Killed a seven-headed hydra
 16522 | Lair:1   | Noticed a six-headed hydra
 16543 | Lair:1   | Noticed a storm dragon
 16543 | Lair:1   | a six-headed hydra changed into a storm dragon
 16594 | Lair:1   | Killed a storm dragon
 16594 | Lair:1   | Received a gift from Okawaru
 16719 | Lair:1   | Identified a +2 pair of boots of running (Okawaru gifted it
                  | to you on level 1 of the Lair of Beasts)
 16723 | Lair:1   | Learned a level 3 spell: Mephitic Cloud
 17734 | Lair:2   | Reached skill level 5 in Air Magic
 17745 | Lair:2   | Reached skill level 5 in Poison Magic
 17860 | Lair:2   | Noticed Gastronok
 17902 | Lair:2   | Killed Gastronok
 17902 | Lair:2   | Reached ****** piety under Okawaru
 18105 | Lair:2   | Found a staircase to the Snake Pit.
 18313 | Lair:2   | Reached XP level 13. HP: 83/83 MP: 15/15
 18365 | Lair:2   | Received a gift from Okawaru
 18770 | Lair:2   | Reached skill level 10 in Dodging
 18775 | Lair:2   | Found a staircase to the Shoals.
 22275 | Lair:6   | Entered Level 6 of the Lair of Beasts
 22279 | Lair:6   | Found a staircase to the Slime Pits.
 22311 | Lair:6   | Got a twisted helmet
 22508 | Lair:6   | Noticed a catoblepas
 22733 | Lair:6   | Reached XP level 14. HP: 89/93 MP: 19/19
 22747 | Lair:6   | Received a gift from Okawaru
 23419 | Lair:6   | Noticed Nessos
 23442 | Lair:6   | Killed Nessos
 23931 | Lair:6   | Reached skill level 5 in Spellcasting
 24452 | Lair:6   | Received a gift from Okawaru
 24465 | Lair:6   | Got a warped demon blade {god gift}
 24946 | D:11     | Identified the cursed +0 helmet of the Five Continents {rF+
                  | rC- rN++ SInv} (You found it on level 6 of the Lair of
                  | Beasts)
 25102 | D:11     | Found a frozen archway.
 25179 | IceCv    | Entered an ice cave
 25226 | IceCv    | Learned a level 4 spell: Airstrike
 26270 | IceCv    | Got an ancient dagger
 26390 | D:11     | Identified the cursed +2 dagger of Kaberib {pierce, *Contam
                  | MR++ Int+3 Stlth+} (You found it in an ice cave)
 26393 | D:11     | Identified the +10 demon blade "Oladwoov" {drain, Dex+7}
                  | (Okawaru gifted it to you on level 6 of the Lair of Beasts)
 26578 | D:11     | Noticed Josephine
 26583 | D:11     | Reached skill level 5 in Armour
 26606 | D:11     | Killed Josephine
 27488 | D:12     | Received a gift from Okawaru
 27533 | D:12     | Found a sparkling altar of Nemelex Xobeh.
 27587 | D:12     | Noticed Frances
 27610 | D:12     | Killed Frances
 27610 | D:12     | Reached XP level 15. HP: 83/101 MP: 23/25
 27751 | D:12     | Noticed Maurice
 27758 | D:12     | Killed Maurice
 27880 | D:12     | Found a staircase to the Orcish Mines.
 28745 | D:13     | Found a gate to the Vaults.
 29200 | D:13     | Received a gift from Okawaru
 29574 | D:13     | Noticed Rupert
 29599 | D:13     | Reached skill level 10 in Fighting
 29611 | D:13     | Paralysed by Rupert for 3 turns
 29646 | D:13     | Killed Rupert
 30154 | D:13     | Received a gift from Okawaru
 30591 | D:13     | Noticed Azrael
 30615 | D:13     | Killed Azrael
 31003 | D:14     | Reached XP level 16. HP: 104/109 MP: 26/29
 31399 | D:15     | Entered Level 15 of the Dungeon
 31617 | D:15     | Noticed NeAGen181's ghost (journeyman HOFi)
 31714 | D:15     | Identified the +7 great sword of Amortisation {elec, Dex+4}
 31743 | D:15     | Found a bloodstained altar of Trog.
 31749 | D:15     | Found a transporter.
 31755 | D:15     | Found a transporter.
 32112 | D:14     | Received a gift from Okawaru
 33086 | D:15     | Found a staircase to the Depths.
 33458 | Orc:1    | Entered Level 1 of the Orcish Mines
 33460 | Orc:1    | Noticed Sonja
 33460 | Orc:1    | Noticed Urug
 33474 | Orc:1    | Killed Sonja
 33495 | D:12     | Killed Urug
 33535 | Orc:1    | Reached skill level 10 in Spellcasting
 33753 | Orc:2    | Entered Level 2 of the Orcish Mines
 34222 | Orc:2    | Received a gift from Okawaru
 34385 | Orc:2    | Found a staircase to the Elven Halls.
 34861 | Orc:2    | Found Japaent's Jewellery Shop.
 34861 | Orc:2    | Found Riecuy's Gadget Shoppe.
 34863 | Orc:2    | Found Dotaozun's Magic Scroll Emporium.
 34865 | Orc:2    | Found Aneoth's Jewellery Boutique.
 34872 | Orc:2    | Bought a scroll of teleportation for 42 gold pieces
 34872 | Orc:2    | Bought a scroll of enchant armour for 105 gold pieces
 34872 | Orc:2    | Bought a scroll of teleportation for 42 gold pieces
 34872 | Orc:2    | Bought a scroll of fear for 49 gold pieces
 34872 | Orc:2    | Bought a scroll of teleportation for 42 gold pieces
 34872 | Orc:2    | Bought a scroll of identify for 28 gold pieces
 35002 | Orc:2    | Bought an uncursed ring of poison resistance for 320 gold
                  | pieces
 35173 | Snake:1  | Entered Level 1 of the Snake Pit
 35270 | Snake:1  | Found a runed translucent gate.
 35270 | Snake:1  | Found a runed translucent gate.
 35271 | Snake:1  | Found a runed translucent gate.
 35903 | Snake:1  | Identified the Tome of Attacks and Clay
 35973 | Snake:1  | Found a sparkling altar of Nemelex Xobeh.
 36105 | Snake:1  | Noticed Jorgrun
 36133 | Snake:1  | Killed Jorgrun
 36594 | Snake:1  | Reached XP level 17. HP: 119/119 MP: 31/31
 36821 | Snake:1  | Received a gift from Okawaru
 38230 | Snake:1  | Found a sparkling altar of Nemelex Xobeh.
 38932 | Snake:1  | Found a sparkling altar of Nemelex Xobeh.
 40221 | Snake:1  | Received a gift from Okawaru
 40503 | Snake:2  | Noticed ciphuk's ghost (journeyman DDEE)
 40557 | Snake:2  | Found a transporter.
 40755 | Snake:2  | Found a transporter.
 40993 | Snake:3  | Identified the +5 broad axe of Discord {chop, rC+ Str+6
                  | Int+4} (You found it on level 3 of the Snake Pit)
 42059 | Snake:3  | Reached skill level 10 in Armour
 42380 | Snake:3  | Received a gift from Okawaru
 42387 | Snake:3  | Reached skill level 1 in Invocations
 42387 | Snake:3  | Reached XP level 18. HP: 129/129 MP: 32/32
 42823 | Snake:4  | Entered Level 4 of the Snake Pit
 44169 | Snake:4  | Received a gift from Okawaru
 44656 | Snake:4  | Reached skill level 5 in Invocations
 45448 | Snake:4  | Reached skill level 15 in Dodging
 46231 | Snake:4  | Received a gift from Okawaru
 46840 | Snake:4  | Reached XP level 19. HP: 96/137 MP: 33/33
 48483 | Snake:4  | Got a serpentine rune of Zot
 48731 | Shoals:1 | Entered Level 1 of the Shoals
 48901 | Orc:2    | Bought a +4 ring of protection for 576 gold pieces
 49164 | Shoals:1 | Found Azumeava's Magic Scroll Shop.
 49422 | Shoals:1 | Received a gift from Okawaru
 49423 | Shoals:1 | Found the +8 autumn katana {slice, Clar}
 49592 | Shoals:1 | Noticed Louise
 49896 | Shoals:2 | Reached skill level 15 in Fighting
 50895 | Shoals:2 | Received a gift from Okawaru
 50913 | Shoals:2 | Identified the +5 scimitar of the Old World {speed, MR+
                  | Int+8} (Okawaru gifted it to you on level 2 of the Shoals)
 53744 | Shoals:4 | Entered Level 4 of the Shoals
 53878 | Shoals:4 | Received a gift from Okawaru
 53919 | Shoals:4 | Noticed Kirke
 53941 | Shoals:4 | Killed Kirke
 54013 | Shoals:4 | Reached XP level 20. HP: 110/147 MP: 34/34
 54051 | Shoals:4 | Identified the +3 ring mail "Nokhets" {Int+6} (Okawaru
                  | gifted it to you on level 4 of the Shoals)
 54615 | Shoals:4 | Identified the amulet of Fuefav {Faith rElec rPois} (You
                  | found it on level 4 of the Shoals)
 54750 | Shoals:4 | Found the +18 shield of the Gong {rElec rN+ MR+ EV-5}
 55030 | Shoals:4 | Got a barnacled rune of Zot
 55499 | Shoals:4 | Identified Joghehum's Papyrus of Feathery Moulding
 56557 | Vaults:1 | Entered Level 1 of the Vaults
 56719 | Vaults:1 | Received a gift from Okawaru
 57675 | Vaults:1 | Found a runed translucent gate.
 57675 | Vaults:1 | Found a runed translucent gate.
 57675 | Vaults:1 | Found a runed translucent gate.
 57676 | Vaults:1 | Found an opulent altar of Gozag.
 57676 | Vaults:1 | Noticed Acheron's ghost (adept HuFi)
 57677 | Vaults:1 | Found Vuwnid's Assorted Antiques.
 57677 | Vaults:1 | Noticed a tentacled monstrosity
 57708 | Vaults:1 | Killed a tentacled monstrosity
 58455 | Vaults:1 | Received a gift from Okawaru
 58823 | Vaults:1 | Reached XP level 21. HP: 143/156 MP: 35/35
 59327 | Vaults:1 | Found Huicw's Antique Weapon Shoppe.
 59770 | Vaults:1 | Killed Acheron's ghost
 60175 | Vaults:1 | Bought a scroll of enchant weapon for 262 gold pieces
 60175 | Vaults:1 | Bought a scroll of teleportation for 105 gold pieces
 60269 | Vaults:1 | Upgraded the game from 0.23.1-37-gaa34b87b72 to
                  | 0.23.1-38-g628c18f423
 60543 | Vaults:2 | Noticed Frederick
 60575 | Vaults:1 | Killed Frederick
 60889 | Vaults:1 | Received a gift from Okawaru
 62232 | Vaults:2 | Found Xulliel's Antique Armour Shoppe.
 62798 | Vaults:2 | Received a gift from Okawaru
 62878 | Vaults:2 | Reached XP level 22. HP: 149/165 MP: 36/36
 63600 | Vaults:2 | Found a runed translucent gate.
 63600 | Vaults:2 | Found a runed translucent gate.
 63601 | Vaults:2 | Found a runed translucent gate.
 63602 | Vaults:2 | Noticed NeAGen181's ghost (adept HOFi)
 63861 | Vaults:3 | Paralysed by an ogre mage for 4 turns
 64450 | Vaults:3 | Received a gift from Okawaru
 64463 | Vaults:3 | Identified the +10 quick blade "Doxy" {antimagic, rElec rN+
                  | Dex+4 SInv} (Okawaru gifted it to you on level 3 of the
                  | Vaults)
 65831 | Vaults:3 | Found a staircase to the Crypt.
 66345 | Vaults:4 | Received a gift from Okawaru
 66641 | Vaults:4 | Reached XP level 23. HP: 72/174 MP: 37/37
 67070 | Vaults:4 | Found Cunaedi's Antique Weapon Boutique.
 67254 | Vaults:4 | Noticed Donald
 67281 | Vaults:4 | Killed Donald
 67507 | Vaults:4 | Found Dino Liti's Gadget Emporium.
 67676 | Vaults:4 | Received a gift from Okawaru
 67683 | Vaults:4 | Got a dazzling spear
 67684 | Vaults:4 | Identified the +8 spear of True Grit {flame, rPois Str+8
                  | Dex-3 SInv} (You found it on level 4 of the Vaults)
 67700 | Vaults:4 | Got a twisted long sword {god gift}
 67701 | Vaults:4 | Identified the +7 long sword "Micku" {speed, rElec}
                  | (Okawaru gifted it to you on level 4 of the Vaults)
 67753 | Vaults:4 | Found Kyimyaru's Jewellery Emporium.
 67816 | Vaults:4 | Found Cuam Kai's Armour Emporium.
 68224 | Vaults:4 | Noticed Bai Suzhen
 68270 | Vaults:4 | Killed Bai Suzhen
 68389 | Vaults:4 | Found Wiwyri's Book Shop.
 68770 | Elf:1    | Entered Level 1 of the Elven Halls
 68771 | Elf:1    | Found a deep blue altar of Sif Muna.
 69175 | Elf:1    | Received a gift from Okawaru
 69641 | Elf:1    | Identified the Guide on Supportive Combat Magic
 70215 | Elf:2    | Found a runed translucent gate.
 70215 | Elf:2    | Found a runed translucent gate.
 70215 | Elf:2    | Found a runed translucent gate.
 70561 | Elf:2    | Reached skill level 15 in Armour
 70597 | Elf:2    | Received a gift from Okawaru
 70861 | Elf:2    | Got a faintly glowing ring mail {god gift}
 70862 | Elf:2    | Identified the +0 ring mail "Pyboymavva" {rC+ rCorr}
                  | (Okawaru gifted it to you on level 2 of the Elven Halls)
 71015 | Elf:2    | Reached skill level 10 in Invocations
 71045 | Elf:2    | Reached XP level 24. HP: 162/183 MP: 37/37
 71306 | Elf:3    | Entered Level 3 of the Elven Halls
 71313 | Elf:3    | Found a flickering gateway to a bazaar.
 71347 | Bazaar   | Entered a bazaar
 71347 | Bazaar   | Found Muott's Food Shop.
 71347 | Bazaar   | Found Beangael's Armour Boutique.
 71369 | Bazaar   | Found Acsoi's Armour Shop.
 71375 | Bazaar   | Found Qoid's Jewellery Emporium.
 71383 | Bazaar   | Found Mudix's Distillery.
 71391 | Bazaar   | Bought a potion of heal wounds for 45 gold pieces
 71391 | Bazaar   | Bought a potion of curing for 27 gold pieces
 71391 | Bazaar   | Bought a potion of curing for 27 gold pieces
 71391 | Bazaar   | Bought a potion of might for 36 gold pieces
 71391 | Bazaar   | Bought a potion of heal wounds for 45 gold pieces
 71391 | Bazaar   | Bought a potion of haste for 90 gold pieces
 71391 | Bazaar   | Bought a potion of heal wounds for 45 gold pieces
 71391 | Bazaar   | Bought 2 potions of might for 72 gold pieces
 71432 | Elf:3    | Identified the +9 quarterstaff of the Immovable Tales
                  | {flame, Int+2} (You found it on level 3 of the Elven Halls)
 72483 | Elf:3    | Identified the ring "Ziqopem" {rC+ Int+3 Stlth-}
 72584 | Elf:3    | Cast into level 2 of the Abyss (a deep elf demonologist)
 72617 | Elf:3    | Escaped the Abyss
 73393 | Elf:3    | Identified the +1 robe of Youthful Indiscretion {+Blink
                  | Int+4 Dex+6}
 73762 | Elf:3    | Identified the +3 leather armour "Nazai" {*Drain +Inv rC-
                  | Str+6}
 73762 | Elf:3    | Identified the ring "Cuunot" {rPois MR++ EV+2 Slay-2
                  | Stlth+}
 73913 | Elf:3    | Identified the +5 hunting sling of Warank {freeze, Dex+4}
                  | (You found it on level 3 of the Elven Halls)
 73936 | Elf:3    | Identified the +3 dagger of Infinite Pain {protect, rN+
                  | Int+4} (You found it on level 3 of the Elven Halls)
 73943 | Elf:3    | Identified the cursed +1 hunting sling "Amacaw" {freeze,
                  | rC+ rN+ Str+6 Dex-4} (You found it on level 3 of the Elven
                  | Halls)
 73949 | Elf:3    | Identified Littin's Compendium of Flight and the Frostbite
 74276 | Depths:1 | Entered Level 1 of the Depths
 75392 | Depths:1 | Found a gateway to Hell.
 75618 | Depths:1 | Received a gift from Okawaru
 76081 | Depths:2 | Found a one-way gate to the infinite horrors of the Abyss.
 76817 | Depths:2 | Found a gateway to a ziggurat.
 76902 | Depths:2 | Reached XP level 25. HP: 189/192 MP: 37/37
 77338 | Depths:2 | Identified a scroll of acquirement
 77360 | Depths:2 | Found an iron altar of Okawaru.
 77741 | Depths:2 | Identified the +5 war axe of the End of Times {chop, rElec
                  | rC++ MP-9 Str+4}
 77862 | Depths:2 | Received a gift from Okawaru
 78312 | Depths:3 | Noticed a juggernaut
 78332 | Depths:3 | Killed a juggernaut
 78480 | Depths:3 | Paralysed by a floating eye for 4 turns
 78518 | Depths:3 | Noticed Margery
 78533 | Depths:3 | Killed Margery
 78776 | Depths:3 | Found the ring of the Octopus King
 78908 | Depths:3 | Received a gift from Okawaru
 79279 | Depths:3 | Noticed Asterion
 79304 | Depths:3 | Killed Asterion
 79461 | Depths:3 | Identified the +1 faerie dragon scales {MR+ rCorr MP+10
                  | Int+4 Slay+2}
 79461 | Depths:3 | Noticed the Enchantress
 79484 | Depths:3 | Killed the Enchantress
 79630 | Depths:3 | Paralysed by a floating eye for 3 turns
 79837 | Depths:3 | Identified the ring "Damnable Contraption" {rPois MR- MP+9
                  | Int+4 Stlth+} (You found it on level 3 of the Depths)
 79846 | Depths:3 | Found a glowing golden altar of the Shining One.
 80206 | Depths:3 | Noticed Sojobo
 80225 | Depths:3 | Reached XP level 26. HP: 136/201 MP: 37/37
 80623 | Depths:3 | Killed Sojobo
 80660 | Depths:3 | Identified the ring of Orthodoxy {*Tele +Blink +Inv Dex+4}
                  | (You found it on level 3 of the Depths)
 80688 | Depths:3 | Noticed an ancient lich
 80702 | Depths:3 | Killed an ancient lich
 80708 | Depths:3 | Received a gift from Okawaru
 80836 | Depths:3 | Found a shadowy altar of Dithmenos.
 80870 | Depths:3 | Identified the +0 pair of boots "Ezyscho" {*Corrode rElec
                  | rF++ Slay+3} (Okawaru gifted it to you on level 3 of the
                  | Depths)
 80874 | Depths:3 | Identified a ring of the Octopus King {MP+9 AC+1 EV+1 Str+1
                  | Int+1 Dex+1} (You found it on level 3 of the Depths)
 81464 | Depths:3 | Received a gift from Okawaru
 81937 | Depths:3 | Identified the +2 hunting sling of Prudence {flame, rC+
                  | rN+} (Okawaru gifted it to you on level 3 of the Depths)
 81953 | Depths:3 | Found a one-way gate leading to the halls of Pandemonium.
 83087 | Depths:4 | Received a gift from Okawaru
 83554 | Depths:4 | Identified the +1 buckler of the Okapi {rF+ MR+ Regen+}
 83919 | Depths:4 | Received a gift from Okawaru
 84654 | Depths:5 | Entered Level 5 of the Depths
 84707 | Depths:5 | Found a flickering gateway to a bazaar.
 84722 | Bazaar   | Entered a bazaar
 84726 | Bazaar   | Found Eqyomeul's Jewellery Boutique.
 84756 | Bazaar   | Found Enaneerch's Antique Weapon Emporium.
 84784 | Bazaar   | Found Gigoyfigre's Magic Scroll Boutique.
 84841 | Bazaar   | Found Tiulo's Distillery.
 84846 | Bazaar   | Bought a potion of curing for 39 gold pieces
 84846 | Bazaar   | Bought a potion of heal wounds for 65 gold pieces
 84846 | Bazaar   | Bought a potion of haste for 130 gold pieces
 84846 | Bazaar   | Bought a potion of might for 52 gold pieces
 84846 | Bazaar   | Bought a potion of agility for 52 gold pieces
 84881 | Bazaar   | Found Qutt's Jewellery Emporium.
 84918 | Bazaar   | Bought a +6 ring of slaying for 1869 gold pieces
 85049 | Depths:5 | Reached XP level 27. HP: 147/211 MP: 35/37
 85356 | Depths:5 | Received a gift from Okawaru
 85382 | Depths:5 | Identified the +3 ring mail "Toawo" {rElec rPois rN+}
                  | (Okawaru gifted it to you on level 5 of the Depths)
 85858 | Depths:5 | Found a gate to the Realm of Zot.
 86751 | Vaults:5 | Entered Level 5 of the Vaults
 87299 | Vaults:5 | Received a gift from Okawaru
 87387 | Vaults:5 | Identified the cursed +0 scale mail of the Moneychanger
                  | {*Drain Int+5} (You found it on level 5 of the Vaults)
 87726 | Vaults:5 | Received a gift from Okawaru
 87783 | Vaults:5 | Identified the ring "Nagie" {*Drain rN+ MR+ Stlth+}
 88012 | Vaults:5 | Identified the +7 flail of Plunder {protect, Dex+5}
 88095 | Vaults:5 | Found the ring of Shadows {Umbra +Inv Stlth+}
 88782 | Vaults:5 | Found the +2 robe of Vines {NoPotionHeal Regen+7}
 89169 | Vaults:5 | Found Fariklal's Gadget Shoppe.
 89169 | Vaults:5 | Noticed an ancient lich
 89212 | Vaults:5 | Received a gift from Okawaru
 89239 | Vaults:5 | Killed an ancient lich
 89376 | Vaults:5 | Got a silver rune of Zot
 89860 | Zot:1    | Entered Level 1 of the Realm of Zot
 89938 | Zot:1    | Received a gift from Okawaru
 89996 | Zot:1    | Found a sparkling altar of Nemelex Xobeh.
 90052 | Zot:1    | Found a runed translucent gate.
 90053 | Zot:1    | Found a runed translucent gate.
 90054 | Zot:1    | Found a runed translucent gate.
 90055 | Zot:1    | Noticed P0WERM0DE's ghost (adept DDFi)
 90055 | Zot:1    | Noticed an ancient lich
 91075 | Zot:1    | Received a gift from Okawaru
 91340 | Zot:1    | Received a gift from Okawaru
 91343 | Zot:1    | Got a translucent falchion {god gift}
 91369 | Zot:1    | Noticed an orb of fire
 91397 | Zot:1    | Killed an orb of fire
 91811 | Zot:1    | Killed an ancient lich
 91849 | Zot:1    | Killed P0WERM0DE's ghost
 91979 | Zot:1    | Got a scintillating bronze ring
 92301 | Zot:2    | Reached skill level 27 in Dodging
 92437 | Zot:2    | Learned a level 2 spell: Swiftness
 92462 | Zot:2    | Received a gift from Okawaru
 92467 | Zot:2    | Identified the ring of Jakkok {MR+ AC+3 Str+7 Int+4} (You
                  | found it on level 1 of the Realm of Zot)
 92513 | Zot:2    | Reached skill level 1 in Evocations
 92847 | Zot:2    | Noticed a Killer Klown
 92895 | Zot:2    | Killed a Killer Klown
 92922 | Zot:2    | Reached skill level 5 in Evocations
 93414 | Zot:2    | Received a gift from Okawaru
 93460 | Zot:2    | Identified the +6 scale mail of Death's Door {rElec rF+
                  | Stlth+} (Okawaru gifted it to you on level 2 of the Realm
                  | of Zot)
 93776 | Zot:3    | Found a transporter.
 93778 | Zot:3    | Found a deep blue altar of Sif Muna.
 93840 | Zot:3    | Identified the +0 helmet of Jac Hein {rC+ SInv} (You found
                  | it on level 3 of the Realm of Zot)
 94112 | Zot:3    | Noticed an ancient lich
 94113 | Zot:3    | You fall through a shaft!
 94175 | Zot:4    | Noticed a Killer Klown
 94189 | Zot:4    | Killed a Killer Klown
 94315 | Zot:5    | Entered Level 5 of the Realm of Zot
 94315 | Zot:5    | Noticed an ancient lich
 94315 | Zot:5    | Noticed an ancient lich
 94315 | Zot:5    | Noticed a Killer Klown
 94316 | Zot:5    | Noticed an orb of fire
 94316 | Zot:5    | Noticed an ancient lich
 94316 | Zot:5    | Noticed an orb of fire
 94316 | Zot:5    | Noticed an ancient lich
 94317 | Zot:5    | Noticed a Killer Klown
 94329 | Zot:5    | Noticed a Killer Klown
 94329 | Zot:5    | Noticed an orb of fire
 94329 | Zot:5    | Noticed an ancient lich
 94329 | Zot:5    | Noticed an orb of fire
 94330 | Zot:5    | Noticed an orb of fire
 94336 | Zot:5    | Gained mutation: You are weak. (Str -2) [an orb of fire]
 94705 | Zot:4    | Received a gift from Okawaru
 94745 | Zot:4    | Identified the +10 falchion of Idealism {drain, Int+3}
                  | (Okawaru gifted it to you on level 4 of the Realm of Zot)
 94792 | Zot:4    | Found a transporter.
 94792 | Zot:4    | Noticed Decrayps's ghost (veteran FeEn)
 94797 | Zot:4    | Found a transporter.
 95199 | Zot:4    | Reached skill level 10 in Evocations
 95275 | Zot:4    | Noticed a Killer Klown
 95293 | Zot:4    | Killed a Killer Klown
 95489 | Zot:5    | Received a gift from Okawaru
 95644 | Zot:5    | Noticed an orb of fire
 95652 | Zot:5    | Noticed a Killer Klown
 95668 | Zot:5    | Killed an orb of fire
 95693 | Zot:5    | Cast into level 4 of the Abyss (Killer Klown)
 95740 | Zot:5    | Escaped the Abyss
 95749 | Zot:5    | Killed a Killer Klown
 96166 | Zot:5    | Noticed an ancient lich
 96203 | Zot:5    | Killed an ancient lich
 96218 | Zot:5    | Reached skill level 27 in Fighting
 96247 | Zot:5    | Gained mutation: You are dopey. (Int -2) [an orb of fire]
 96272 | Zot:5    | Killed an orb of fire
 96272 | Zot:5    | Received a gift from Okawaru
 96403 | Zot:5    | Killed from afar by an orb of fire

Skill      XL: |  1  2  3  4  5  6  7  8  9 10 11 12 13 14 15 16 17 18 19 20 21 22 23 24 25 26 27 |
---------------+----------------------------------------------------------------------------------+-----
Short Blades   | 3 4 5 |  5.0
Dodging        | 3 4 5 6 7 8 9 10 11 12 14 15 17 18 20 21 22 24 27 | 27.0
Shields        | 1 2 3 4 5 |  5.6
Long Blades    | 1 2 4 6 13 | 13.7
Fighting       | 2 3 4 6 7 9 10 11 13 14 15 17 18 19 20 21 22 23 27 | 27.0
Air Magic      | 3 5 6 |  6.0
Poison Magic   | 3 5 6 |  6.0
Translocations | 5 7 8 9 |  9.0
Spellcasting   | 3 6 9 10 | 10.0
Armour         | 5 10 13 15 | 15.4
Invocations    | 1 7 10 | 10.0
Evocations     | 10 | 10.0
Throwing       | |  1.0

Action                   |  1- 3 |  4- 6 |  7- 9 | 10-12 | 13-15 | 16-18 | 19-21 | 22-24 | 25-27 || total
-------------------------+-------+-------+-------+-------+-------+-------+-------+-------+-------++-------
Melee: Short sword       |   153 |    73 |       |       |       |       |       |       |       ||   226
       Falchion          |       |    51 |       |       |       |       |       |       |       ||    51
       Dagger            |       |    70 |   312 |   327 |       |       |       |       |       ||   709
       Long sword        |       |       |       |   414 |   694 |       |       |       |       ||  1108
       Demon blade       |       |       |       |       |   479 |  1510 |  1495 |  2309 |  3785 ||  9578
       Katana            |       |       |       |       |       |       |   502 |       |       ||   502
Throw: Tomahawk          |     5 |       |       |       |       |       |       |       |       ||     5
       Stone             |     3 |     4 |       |       |       |       |       |       |       ||     7
       Throwing net      |       |       |     2 |       |       |       |       |       |       ||     2
 Cast: Poisonous Vapours |       |       |       |    26 |    61 |     7 |       |       |       ||    94
       Blink             |       |       |       |     5 |    10 |     3 |     5 |     1 |    10 ||    34
       Teleport Other    |       |       |       |     2 |       |     3 |       |       |       ||     5
       Mephitic Cloud    |       |       |       |       |    20 |     5 |       |       |       ||    25
       Airstrike         |       |       |       |       |     4 |    14 |     8 |       |       ||    26
Invok: Heroism           |       |       |       |       |       |     3 |     5 |    11 |    48 ||    67
       Finesse           |       |       |       |       |       |       |     1 |       |    21 ||    22
Evoke: Wand              |       |     2 |     1 |    13 |    10 |       |     8 |     1 |     4 ||    39
  Use: Potion            |     1 |       |     1 |     4 |       |     2 |     3 |       |    12 ||    23
       Scroll            |       |     1 |     9 |    15 |    13 |     5 |    10 |    14 |    50 ||   117
 Stab: Sleeping          |       |       |     1 |       |     2 |     1 |     2 |       |     1 ||     7
       Paralysed         |       |       |     2 |       |       |       |       |       |       ||     2
       Held in net/web   |       |       |     2 |       |       |       |       |       |       ||     2
       Confused          |       |       |       |       |    15 |     6 |       |       |     1 ||    22
       Petrifying        |       |       |       |       |     1 |       |       |       |       ||     1
       Petrified         |       |       |       |       |     1 |       |       |       |       ||     1
       Distracted        |       |       |       |       |     1 |       |       |     1 |     2 ||     4
  Eat: Chunk             |     2 |     6 |     7 |    16 |    29 |    26 |    40 |    28 |    42 ||   196
       Ration            |       |     1 |     2 |     5 |     4 |     7 |     4 |     5 |     9 ||    37
Armor: Leather armour    |    13 |    28 |    36 |    88 |   185 |   116 |   213 |       |       ||   679
       Ring mail         |     7 |       |       |       |       |       |       |       |       ||     7
       Ice dragon scales |       |       |       |       |       |       |    10 |   449 |   714 ||  1173
Dodge: Dodged            |    90 |    87 |   138 |   337 |   745 |  1045 |  1537 |  1536 |  3020 ||  8535
       Deflected         |       |       |       |     6 |    18 |    95 |    59 |    49 |    72 ||   299
Block: Buckler           |     6 |    33 |    65 |   171 |   303 |   544 |   749 |   835 |  1253 ||  3959
       Reflection        |       |       |       |     9 |       |       |       |       |       ||     9
       Rpst.: Falchion   |       |     8 |       |       |       |       |       |       |       ||     8
       Long sword        |       |       |       |    69 |   111 |       |       |       |       ||   180
       Demon blade       |       |       |       |       |    66 |   184 |   250 |   321 |   549 ||  1370
       Katana            |       |       |       |       |       |       |    86 |       |       ||    86
